 Dungeon Crawl Stone Soup version 0.27.1-33-g824d729ab1 (webtiles) character file.

Game seed: 3558478242035287998

114934 alasdair19 the Fencer (level 16, -53/146 HPs)
             Began as a Minotaur Fighter on Dec 26, 2021.
             Was the Champion of Okawaru.
             Killed from afar by Nikola (68 damage)
             ... with an arc of chain lightning
             ... on level 2 of the Spider Nest.
             The game lasted 01:44:25 (29148 turns).

alasdair19 the Fencer (Minotaur Fighter)           Turns: 29148, Time: 01:44:26

Health: -53/146    AC: 27    Str: 25    XL:     16   Next: 17%
Magic:  0/22       EV:  8    Int:  6    God:    Okawaru [******]
Gold:   1906       SH: 14    Dex: 12    Spells: 15/15 levels left

rFire    + . .     SeeInvis .   e - +4 double sword (vorpal)
rCold    + . .     Faith    .   c - +0 kite shield
rNeg     + + .     Spirit   +   L - +0 plate armour
rPois    +         Reflect  .   x - +2 hat of the Bear Spirit {Spirit, +Rage rN+ Will++}
rElec    +         Harm     .   m - +2 cloak {rPois}
rCorr    .         Rampage  .   I - +0 pair of gloves
Will     +++..                  t - +2 pair of boots
Stlth    ..........             y - amulet "Qokuisim" {rElec rF+ Regen+}
HPRegen  1.34/turn              J - ring of positive energy
MPRegen  0.18/turn              w - ring of protection from cold

@: no status effects
A: horns 2, retaliatory headbutt
a: Renounce Religion, Evoke Berserk Rage, Heroism, Finesse


You were on level 2 of the Spider Nest.
You worshipped Okawaru.
Okawaru was exalted by your worship.
You visited 5 branches of the dungeon, and saw 25 of its levels.

You collected 2505 gold pieces.
You spent 599 gold pieces at shops.

Inventory:

Hand Weapons
 e - a +4 vorpal double sword (weapon)
 q - the +4 hunting sling "Hoeffuh" {flame, +Blink rC+}
   (You found it on level 6 of the Dungeon)

   Any ammunition fired from it burns those it strikes, dealing additional fire
   damage.
   rC:        It protects you from cold.
   +Blink:    It lets you blink.
 D - a +1 scimitar of flaming
Missiles
 b - 247 sling bullets
Armour
 c - a +0 kite shield (worn)
 m - a +2 cloak of poison resistance (worn)
 t - a +2 pair of boots (worn)
 x - the +2 hat of the Bear Spirit (worn) {Spirit, +Rage rN+ Will++}
   (You found it on level 7 of the Dungeon)

   rN:        It protects you from negative energy.
   +Rage:     It lets you go berserk.
   Will:      It greatly increases your willpower.
 I - a +0 pair of gloves (worn)
 L - a +0 plate armour (worn)
Jewellery
 w - a ring of protection from cold (right hand)
 y - the amulet "Qokuisim" (around neck) {rElec rF+ Regen+}
   (You acquired it on level 12 of the Dungeon)

   [amulet of regeneration]

   rF:        It protects you from fire.
   rElec:     It insulates you from electricity.
   Regen:     It increases your rate of health regeneration.
 G - a ring of ice
 J - a ring of positive energy (left hand)
 Q - a ring of fire
 V - a ring of fire
Wands
 j - a wand of paralysis (12)
 k - a wand of polymorph (23)
 A - a wand of acid (17)
 B - a wand of digging (7)
 C - a wand of iceblast (51)
 F - a wand of flame (57)
 M - a wand of charming (21)
 N - a wand of mindburst (14)
Scrolls
 a - a scroll of summoning
 d - 4 scrolls of fog
 f - 4 scrolls of blinking
 g - 2 scrolls of immolation
 h - 4 scrolls of holy word
 i - 11 scrolls of teleportation
 n - a scroll of acquirement
 H - 5 scrolls of magic mapping
 K - 5 scrolls of fear
 S - a scroll of brand weapon
 T - a scroll of enchant armour
 U - a scroll of silence {unknown}
Potions
 l - 2 potions of heal wounds
 o - 2 potions of cancellation
 r - a potion of resistance
 u - 2 potions of might
 v - 4 potions of lignification
 z - 3 potions of haste
 E - 7 potions of curing
Miscellaneous
 p - a phantom mirror
 s - a tin of tremorstones (2/2)
 O - a box of beasts
 P - a condenser vane
 R - a lightning rod (4/4)


   Skills:
 + Level 14.3 Fighting
 + Level 16.7 Long Blades
 + Level 7.0 Slings
 + Level 0.1(3.9) Throwing
 + Level 14.8 Armour
 - Level 1.0 Dodging
 - Level 0.2 Stealth
 + Level 15.0 Shields
 * Level 10.4 Invocations
 - Level 7.0 Evocations


You had 15 spell levels left.
You didn't know any spells.
Your spell library contained the following spells:

 Spells                   Type           Power      Damage    Failure   Level
 Beastly Appendage        Tmut           0%         N/A       98%         1
 Sting                    Tmut/Pois      0%         1d3       98%         1
 Blink                    Tloc           N/A        N/A       99%         2
 Corpse Rot               Necr/Air       N/A        N/A       99%         2
 Poisonous Vapours        Pois/Air       0%         N/A       99%         2
 Wereblood                Tmut           0%         N/A       99%         2
 Call Canine Familiar     Summ           0%         N/A       100%        3
 Lesser Beckoning         Tloc           0%         N/A       100%        3
 Portal Projectile        Hex/Tloc       0%         N/A       100%        3
 Spider Form              Tmut/Pois      0%         N/A       100%        3
 Summon Guardian Golem    Hex/Summ       0%         N/A       100%        3
 Cause Fear               Hex            0%         N/A       100%        4
 Dispel Undead            Necr           0%         3d6       100%        4
 Hailstorm                Conj/Ice       0%         3d3       100%        4
 Ice Form                 Ice/Tmut       0%         N/A       100%        4
 Leda's Liquefaction      Hex/Erth       0%         N/A       100%        4
 Olgreb's Toxic Radiance  Pois           0%         N/A       100%        4
 Summon Ice Beast         Ice/Summ       0%         N/A       100%        4
 Alistair's Intoxication  Tmut/Pois      0%         N/A       100%        5
 Borgnjor's Vile Clutch   Necr/Erth      0%         N/A       100%        5
 Fireball                 Conj/Fire      0%         3d3       100%        5
 Manifold Assault         Tloc           0%         N/A       100%        5
 Summon Mana Viper        Hex/Summ       0%         N/A       100%        5
 Death Channel            Necr           0%         N/A       100%        6
 Eringya's Noxious Bog    Tmut/Pois      0%         N/A       100%        6
 Simulacrum               Ice/Necr       0%         N/A       100%        6
 Starburst                Conj/Fire      0%         6d3       100%        6
 Dragon Form              Tmut           0%         N/A       100%        7
 Monstrous Menagerie      Summ           0%         N/A       100%        7
 Orb of Destruction       Conj           0%         N/A       100%        7
 Spellforged Servitor     Conj/Summ      0%         N/A       100%        7
 Ignition                 Fire           0%         3d3       100%        8
 Dragon's Call            Summ           0%         N/A       100%        9


Dungeon Overview and Level Annotations

Branches:
Dungeon (14/15)            Temple (1/1) D:5            Lair (6/6) D:11
  Swamp (0/4) Lair:2       Spider (2/4) Lair:4        Slime (0/5) Lair:5
    Orc (2/2) D:11            Elf (0/3) Orc:2
 Vaults: D:13-14

Altars:
Ashenzari
Cheibriados
Dithmenos
Elyvilon
Fedhas
Gozag
Hepliaklqana
Kikubaaqudgha
Makhleb
Nemelex Xobeh
Okawaru
Qazlal
Ru
Sif Muna
Trog
Uskayaw
Vehumet
Wu Jian
Xom
Yredelemnul
Zin
The Shining One
Beogh
Jiyva

Shops:
D:1 =   D:5 (   D:8 !   D:9 *   D:10 ?:[(   Orc:2 [!((

Portals:
Hell: Lair:6

Annotations:
D:5 2 transporters, ioannis32's ghost, amateur DsBe
D:7 3 runed translucent doors, Kay's ghost, novice SpCj; alasdair19's ghost, novice MiFi; mandor's ghost, novice DjFE
D:8 exclusion: ice statue
Lair:2 exclusion: oklob plant
Spider:1 2 transporters, wilfster70's ghost, adept DjCj
Spider:2 2 transporters, Nikola; endersaim's ghost, adept MfSk


Innate Abilities, Weirdness & Mutations

You have a pair of horns on your head.
You reflexively headbutt those who attack you in melee.


Message History

You feel much better.
Nikola hits you with a +2 rapier of electrocution.
You hit Nikola.
Nikola is moderately wounded.
A tarantella comes into view.
Nikola casts a spell.
Nikola blinks!
Aiming: Mindburst
Press: ? - help, Shift-Dir - straight line, f - Nikola
Aim: Nikola, wielding a +2 rapier of electrocution, wearing a +2 cloak of preservation and wearing a +0 pair of gloves (moderately wounded, chance to affect: 12%) Nikola's mind is blasted!!
You hit Nikola.
Nikola is heavily wounded.
You closely miss Nikola.
Nikola is heavily wounded.
The tarantella bites you!
You are confused.
A tarantella comes into view.
Nikola hits you but does no damage.
You completely miss Nikola.
The tarantella hisses angrily.
Your headbutt misses Nikola.
Nikola is moderately wounded.
The tarantella bites you but does no damage.
You feel less confused. You block the tarantella's attack.
Nikola mumbles some strange words.
Lightning arcs from Nikola's hands!
The bolt of lightning hits you!!! You resist.
* * * LOW HITPOINT WARNING * * *
A bolt of lightning appears from out of thin air!
The bolt of lightning hits the tarantella!!!
The tarantella dies!
The bolt of lightning hits Nikola!
You closely miss Nikola. You headbutt Nikola!
Nikola is heavily wounded.
Nikola mumbles some strange words.
Lightning arcs from Nikola's hands!
The bolt of lightning hits you!!! You resist.
You die...

##..#.#......##^# ..#
##....#......# .# ..#
##.......##### ...#
##.....### ...## ##.#...##
### ...... #..#....## ##.#
#....# ...#...#.#
##..###...#.# .##...####
##....†...##.# ##....#
#.###...@...s....# ##....##
#^.#....@.......#
#.....###.###..........#..
##).......#.###........## .
##.......##.# ##.......# ..
.#.......##.## ###....##....
.........###.# ###.^......
.........###.######..##.....
.........##........#.# .....


You could see Nikola and a tarantella.

Vanquished Creatures
  Frances (D:12)
  Kirke (Lair:4)
  An orc warlord (D:11)
  3 emperor scorpions (Spider:2)
  Nessos (D:12)
  A dire elephant (Lair:6)
  An entropy weaver (Spider:1)
  A spark wasp (Spider:2)
  Fannar (Lair:1)
  Harold (D:8)
  A great orb of eyes (D:12)
  6 boulder beetles
  A catoblepas (D:9)
  Erolcha (D:9)
  Erica (D:8)
  9 hydras
  6 centaur warriors
  3 two-headed ogres
  Urug (D:12)
  A tengu warrior (D:10)
  An orc high priest (Orc:2)
  Nergalle (Lair:4)
  A deep elf knight (D:12)
  6 skeletal warriors
  Sonja (D:10)
  A sixfirhy (Lair:6)
  2 wizards
  5 orb spiders
  3 orc knights
  An ugly thing (D:11)
  An oklob plant (Lair:6)
  6 manticores
  9 wolf spiders
  5 orc sorcerers
  3 cyclopes
  A black mamba (shapeshifter) (D:12)
  5 black mambas
  Maurice (D:8)
  15 elephants
  A torpor snail (Lair:2)
  2 orange demons (Lair:6)
  6 cane toads
  2 gargoyles
  3 rime drakes (Lair:6)
  Psyche (D:8)
  2 efreet
  A yaktaur (D:10)
  A tengu conjurer (D:10)
  4 demonic crawlers
  2 kobold demonologists (D:11)
  A freezing wraith (D:12)
  A hellwing (Lair:6)
  11 komodo dragons
  2 ice devils (Lair:6)
  A meliai (D:10)
  16 jumping spiders
  2 red devils (Lair:6)
  A jumping spider (shapeshifter) (D:9)
  9 trolls
  A tyrant leech (Lair:2)
  6 slime creatures (D:12)
  12 dream sheep
  15 blink frogs
  A meliai zombie (D:10)
  32 redbacks
  A centaur simulacrum (D:12)
  A vampire (D:12)
  A shadow (D:10)
  Sigmund (D:3)
  11 tarantellas
  7 wyverns
  54 yaks
  A wraith (D:11)
  3 hogs (Lair:4)
  9 basilisks
  Grum (D:8)
  3 vampire mosquitoes
  Edmund (D:6)
  A steam dragon (Lair:3)
  4 wargs
  A swamp worm (Lair:2)
  4 hell hounds (Lair:6)
  9 water moccasins
  33 orc warriors
  2 hornet zombies (D:8)
  2 necrophages
  An ice beast (D:6)
  A sky beast (D:5)
  4 black bears
  21 wolves
  13 centaurs
  6 ogres
  10 kobold brigands
  13 bullfrogs
  3 wyvern zombies
  2 gnoll sergeants (D:11)
  2 scorpions
  14 killer bees
  9 wights
  5 howler monkeys
  4 electric eels
  5 centaur zombies
  A hound (D:4)
  A jelly (D:8)
  Crazy Yiuf (D:3)
  18 orc priests
  Terence (D:2)
  Jessica (D:3)
  Ijyb (D:3)
  37 orc wizards
  2 scorpion zombies (D:5)
  An iguana (D:7)
  A killer bee zombie (D:8)
  A hound zombie (D:5)
  A hound skeleton (D:4)
  2 howler monkey zombies
  3 gnolls
  7 adders
  A howler monkey skeleton (D:5)
  2 white imps (D:5)
  2 ufetubi (D:7)
  An adder skeleton (D:4)
  2 worms
  2 dart slugs
  67 orcs
  2 endoplasms
  2 giant cockroaches
  2 goblins (D:1)
  3 hobgoblins
  7 jackals
  A quokka (D:4)
  4 ball pythons
  A bat (D:1)
  2 frilled lizards (D:2)
  8 kobolds
  8 rats
705 creatures vanquished.

Vanquished Creatures (others)
  A tarantella (Spider:2)
  A human (Lair:4)
  A howler monkey (D:12)
  34 fungi
  46 plants
  4 withered plants (D:7)
87 creatures vanquished.

Grand Total: 792 creatures vanquished

Notes
Turn   | Place    | Note
-------+----------+-------------------------------------------
     0 | D:1      | alasdair19 the Minotaur Fighter began the quest for the
                  | Orb.
     0 | D:1      | Reached XP level 1. HP: 19/19 MP: 0/0
   228 | D:1      | Found Ewkolyaq's Jewellery Boutique.
   262 | D:1      | Found a faded altar of an unknown god.
   361 | D:1      | Reached XP level 2. HP: 25/27 MP: 1/1
   627 | D:2      | Reached skill level 3 in Long Blades
   737 | D:2      | Reached XP level 3. HP: 33/33 MP: 2/2
   884 | D:2      | Noticed Terence
   889 | D:2      | Killed Terence
   890 | D:2      | Reached XP level 4. HP: 37/41 MP: 3/3
  1427 | D:3      | Noticed Ijyb
  1436 | D:3      | Paralysed by Ijyb for 3 turns
  1441 | D:3      | Killed Ijyb
  1442 | D:3      | Reached skill level 4 in Long Blades
  1519 | D:3      | Noticed Sigmund
  1526 | D:3      | Killed Sigmund
  1527 | D:3      | Reached skill level 5 in Fighting
  1527 | D:3      | Reached skill level 5 in Long Blades
  1527 | D:3      | Reached skill level 1 in Dodging
  1527 | D:3      | Reached XP level 5. HP: 22/48 MP: 4/4
  1527 | D:3      | Reached XP level 6. HP: 26/56 MP: 5/5
  1993 | D:3      | Noticed Jessica
  2002 | D:3      | Killed Jessica
  2223 | D:3      | Found a runed translucent door.
  2224 | D:3      | Noticed Crazy Yiuf
  2234 | D:3      | Killed Crazy Yiuf
  2438 | D:4      | Reached skill level 5 in Shields
  2501 | D:4      | Reached skill level 1 in Evocations
  2716 | D:5      | Entered Level 5 of the Dungeon
  2727 | D:5      | Reached XP level 7. HP: 58/61 MP: 6/6
  2821 | D:5      | Reached skill level 6 in Long Blades
  2887 | D:5      | Reached skill level 5 in Armour
  2953 | D:5      | Found a transporter.
  2954 | D:5      | Noticed ioannis32's ghost (amateur DsBe)
  3050 | D:5      | Found a transporter.
  3104 | D:5      | Found a staircase to the Ecumenical Temple.
  3128 | D:5      | Reached skill level 7 in Long Blades
  3132 | Temple   | Entered the Ecumenical Temple
  3451 | D:5      | Found a shimmering blue altar of Sif Muna.
  3553 | D:5      | Found Ohosadur's Weapon Boutique.
  3650 | D:5      | Bought a +0 shortbow for 33 gold pieces
  3876 | D:5      | Reached XP level 8. HP: 34/70 MP: 7/7
  4195 | D:6      | Found a blossoming altar of Fedhas.
  4200 | D:6      | Identified the +4 hunting sling "Hoeffuh" {flame, +Blink
                  | rC+}
  4701 | D:6      | Noticed Edmund
  4714 | D:6      | Killed Edmund
  4715 | D:6      | Reached skill level 1 in Slings
  4907 | D:6      | Found a radiant altar of Vehumet.
  5111 | D:6      | Reached skill level 8 in Long Blades
  5419 | D:6      | Reached XP level 9. HP: 28/78 MP: 8/8
  5791 | D:7      | Found a runed translucent gate.
  5942 | D:7      | Found a runed translucent gate.
  5946 | D:7      | Found a runed translucent gate.
  5946 | D:7      | Noticed Kay's ghost (novice SpCj)
  5946 | D:7      | Noticed alasdair19's ghost (novice MiFi)
  5947 | D:7      | Noticed mandor's ghost (novice DjFE)
  5970 | D:7      | Found the +2 hat of the Bear Spirit {Spirit, +Rage rN+
                  | Will++}
  6314 | D:8      | Noticed Harold
  6454 | D:8      | Killed Harold
  6455 | D:8      | Reached skill level 9 in Long Blades
  6483 | D:8      | Noticed Grum
  6631 | D:8      | Killed Grum
  6802 | D:8      | Noticed Maurice
  6837 | D:8      | Killed Maurice
  6838 | D:8      | Reached skill level 5 in Evocations
  6838 | D:8      | Reached XP level 10. HP: 83/88 MP: 6/9
  7207 | D:8      | Reached skill level 10 in Long Blades
  7240 | D:8      | Found a basalt altar of Yredelemnul.
  7431 | D:8      | Found Suh Fapi's Distillery.
  7431 | D:8      | Noticed Erica
  7449 | D:8      | Killed Erica
  7628 | D:8      | Bought a potion of curing for 48 gold pieces
  7632 | D:8      | Noticed Psyche
  7652 | D:8      | Killed Psyche
  8140 | D:8      | Noticed an ice statue
  8289 | D:9      | Noticed Erolcha
  8300 | D:9      | Killed Erolcha
  8384 | D:9      | Found a sparkling altar of Nemelex Xobeh.
  8384 | D:9      | Found a sacrificial altar of Ru.
  8417 | D:9      | Identified the +7 war axe "Kutojic" {elec, Int+4}
  8421 | D:9      | Found Baxaji's General Store.
  8429 | D:9      | Bought a scroll of magic mapping for 56 gold pieces
  8525 | D:9      | Noticed a skeletal warrior
  8525 | D:9      | Noticed a manticore
  8536 | D:9      | Killed a manticore
  8948 | D:9      | Found a broken altar of Ashenzari.
  9008 | D:9      | Reached XP level 11. HP: 90/95 MP: 8/10
  9039 | D:9      | Reached skill level 11 in Long Blades
  9121 | D:9      | Found a shimmering altar of Xom.
  9326 | D:9      | Noticed a centaur warrior
  9351 | D:9      | Killed a centaur warrior
  9594 | D:9      | Noticed a catoblepas
  9594 | D:9      | Noticed a wizard
  9634 | D:9      | Killed a catoblepas
  9651 | D:9      | Killed a wizard
  9745 | D:9      | Reached skill level 10 in Shields
  9795 | D:9      | Noticed a boulder beetle
  9833 | D:9      | Killed a boulder beetle
 10061 | D:9      | Killed a skeletal warrior
 10062 | D:9      | Reached skill level 10 in Armour
 10263 | D:9      | Noticed a centaur warrior
 10277 | D:9      | Killed a centaur warrior
 10473 | D:10     | Entered Level 10 of the Dungeon
 10483 | D:10     | Found Rehiges's Antique Weapon Boutique.
 10758 | D:10     | Found Vaus's Book Emporium.
 10843 | D:10     | Bought an ichor-stained scimitar for 198 gold pieces
 10843 | D:10     | Identified the +10 scimitar of Nabroamn {flame, rElec rF+
                  | Int-5 SInv} (You bought it in a shop on level 10 of the
                  | Dungeon)
 10945 | D:10     | Reached skill level 12 in Long Blades
 11101 | D:10     | Found an iron altar of Okawaru.
 11108 | D:10     | Became a worshipper of Warmaster Okawaru
 11175 | D:10     | Noticed a two-headed ogre
 11183 | D:10     | Killed a two-headed ogre
 11189 | D:10     | Reached * piety under Okawaru
 11222 | D:10     | Reached skill level 1 in Invocations
 11242 | D:10     | Noticed a centaur warrior
 11633 | D:10     | Found Xut Irph's Magic Scroll Boutique.
 11641 | D:10     | Bought a scroll of identify for 24 gold pieces
 11673 | D:10     | Reached XP level 12. HP: 103/106 MP: 11/11
 11674 | D:10     | Noticed a boulder beetle
 11676 | D:10     | Noticed Sonja
 11997 | D:10     | Noticed a tengu warrior
 12009 | D:10     | Killed a tengu warrior
 12154 | D:10     | Noticed a two-headed ogre
 12160 | D:10     | Killed a two-headed ogre
 12177 | D:10     | Found Xocusank's Armour Shoppe.
 12296 | D:10     | Killed a boulder beetle
 12296 | D:10     | Reached ** piety under Okawaru
 12298 | D:10     | Bought a scroll of brand weapon for 240 gold pieces
 12684 | D:10     | Killed a centaur warrior
 12685 | D:10     | Reached skill level 10 in Fighting
 12763 | D:10     | Killed Sonja
 13271 | D:11     | Reached *** piety under Okawaru
 13377 | D:11     | Reached skill level 13 in Long Blades
 13593 | D:11     | Reached skill level 5 in Slings
 13599 | D:11     | Reached **** piety under Okawaru
 14124 | D:11     | Found a staircase to the Lair.
 14140 | D:11     | Identified the +1 chain mail "Zyutaff" {rPois}
 14222 | D:11     | Noticed a seven-headed hydra
 14232 | D:11     | Killed a two-headed hydra
 14232 | D:11     | Received a gift from Okawaru
 14233 | D:11     | Reached XP level 13. HP: 99/115 MP: 12/15
 14303 | D:11     | Found a staircase to the Orcish Mines.
 14359 | D:10     | Reached ***** piety under Okawaru
 14360 | D:10     | Reached skill level 5 in Invocations
 14687 | D:11     | Received a gift from Okawaru
 14948 | Lair:1   | Entered Level 1 of the Lair of Beasts
 15007 | Lair:1   | Identified the +1 hunting sling "Vacomem" {venom, rPois
                  | Str+2}
 15019 | Lair:1   | Found a burning altar of Makhleb.
 15028 | Lair:1   | Noticed Fannar
 15052 | Lair:1   | Killed Fannar
 16396 | Lair:2   | Reached skill level 14 in Long Blades
 17320 | Lair:2   | Found a staircase to the Swamp.
 17581 | Lair:3   | Received a gift from Okawaru
 17683 | Lair:3   | Received a gift from Okawaru
 17887 | Lair:3   | Received a gift from Okawaru
 18782 | Lair:3   | Received a gift from Okawaru
 18964 | Lair:4   | Noticed Nergalle
 18977 | Lair:4   | Killed Nergalle
 18978 | Lair:4   | Reached XP level 14. HP: 125/125 MP: 18/18
 19085 | Lair:4   | Reached ****** piety under Okawaru
 19085 | Lair:4   | Received a gift from Okawaru
 19086 | Lair:4   | Reached skill level 15 in Long Blades
 19246 | Lair:4   | Noticed Kirke
 19266 | Lair:4   | Killed Kirke
 19708 | Lair:4   | Found a hole to the Spider Nest.
 20101 | Lair:5   | Received a gift from Okawaru
 20625 | Lair:5   | Found a viscous altar of Jiyva.
 20625 | Lair:5   | Found a staircase to the Slime Pits.
 21291 | Lair:6   | Entered Level 6 of the Lair of Beasts
 21592 | Lair:6   | Identified the +9 spear of Dogal {elec, rN+}
 22411 | Lair:6   | Found a burning altar of Makhleb.
 22429 | Lair:6   | Identified the +1 hat of the Marlin {-Tele Contam +Inv
                  | Dex+6} (Okawaru gifted it to you on level 6 of the Lair of
                  | Beasts)
 22429 | Lair:6   | Received a gift from Okawaru
 22467 | Lair:6   | Reached skill level 16 in Long Blades
 22483 | Lair:6   | Found a gateway to Hell.
 23199 | Orc:1    | Entered Level 1 of the Orcish Mines
 23910 | Orc:1    | Noticed an orc warlord
 23934 | D:11     | Killed an orc warlord
 24442 | Orc:2    | Entered Level 2 of the Orcish Mines
 24474 | Orc:2    | Reached XP level 15. HP: 134/134 MP: 20/20
 25291 | Orc:2    | Found Tiliych's Distillery.
 25291 | Orc:2    | Found Ehapsoc's Weapon Boutique.
 25292 | Orc:2    | Found Cikk's Antique Weapon Boutique.
 25296 | Orc:2    | Found Gosakhla's Armour Shop.
 25514 | Orc:2    | Found a staircase to the Elven Halls.
 25698 | D:12     | Identified a scroll of acquirement
 25717 | D:12     | Acquired the amulet "Qokuisim" {rElec rF+ Regen+}
 25859 | D:12     | Noticed Nessos
 25999 | D:12     | Killed Nessos
 26135 | D:12     | Received a gift from Okawaru
 26312 | D:12     | You fall into a shaft and drop 2 floors!
 26338 | D:14     | Found a blossoming altar of Fedhas.
 26479 | D:12     | Noticed Urug
 26618 | D:12     | Noticed Frances
 26648 | D:12     | Killed Frances
 26789 | D:12     | Killed Urug
 26789 | D:12     | Received a gift from Okawaru
 27281 | Spider:1 | Entered Level 1 of the Spider Nest
 27363 | Spider:1 | Found a transporter.
 27363 | Spider:1 | Noticed wilfster70's ghost (adept DjCj)
 27636 | Spider:1 | Reached skill level 10 in Invocations
 27920 | Spider:1 | Found a transporter.
 27945 | Spider:1 | Received a gift from Okawaru
 28342 | Spider:2 | Noticed endersaim's ghost (adept MfSk)
 28345 | Spider:2 | Found a transporter.
 28356 | Spider:2 | Found a transporter.
 28377 | Spider:2 | Reached XP level 16. HP: 128/146 MP: 17/22
 28623 | Spider:2 | Reached skill level 15 in Shields
 28764 | Spider:2 | Identified the +4 rapier "Awoijub" {speed, *Corrode rC++
                  | rN++}
 29122 | Spider:2 | Noticed Nikola
 29148 | Spider:2 | Killed from afar by Nikola

Illustrated notes

Levels and vault maps discovered:
D:1:      tarquinn_simple_flora_water_a, layout_basic, serial_shops,
          nicolae_shop_waterfront, hellmonk_ecumenical_altar_crossroads
D:2:      layout_rooms, serial_bayou_ford_a, uniq_terence
D:3:      layout_basic, uniq_crazy_yiuf_cottage, uniq_ijyb, uniq_jessica,
          uniq_sigmund
D:4:      kennysheep_spiral_hall, layout_gridville, grunt_tough_drop
D:5:      layout_cave_pods, lemuel_blue_sif_altar, minmay_temple_entry_waves,
          serial_shops, nicolae_shop_waterfront, gammafunk_ghost_mausoleum,
          roderic_serpentine_path
D:6:      layout_gridville, mainiacjoe_overflow_alcove_1,
          nicolae_overflow_crystal_walls, uniq_edmund
D:7:      layout_rooms, gammafunk_ghost_cemetery
D:8:      lemuel_ice_statue, layout_basic, nicolae_yredelemnul_corpse_copse,
          serial_shops, shop_fountains, minmay_holes, uniq_erica, uniq_psyche,
          uniq_grum, uniq_harold, uniq_maurice
D:9:      minmay_tri_box, layout_loops_ring, lemuel_round_altar,
          cheibrodos_ashenzari_chains, gammafunk_temple_overflow_statue,
          serial_shops, nicolae_shop_competitors_out_of_business, uniq_erolcha
D:10:     minmay_the_grid_triangle_9x9_recursive_2_mashed
          [minmay_the_grid_triangle_9x9_prize_center,
          minmay_the_grid_triangle_9x9_steps,
          minmay_the_grid_triangle_9x9_wacky_v,
          minmay_the_grid_triangle_9x9_checkered], layout_basic,
          okawaru_trees_1, serial_shops, shop_statue, kennysheep_mini, shop,
          shop_fountains, uniq_sonja
D:11:     minmay_cornered_nines, layout_cave_pools,
          grunt_lair_entry_orc_guard_hut,
          kennysheep_orc_monster_closet_entryway,
          chequers_serial_rivers_large_b, nicolae_straight_to_the_point
D:12:     minmay_swirls_squares, layout_rooms, ebering_dispersal_statue_hall,
          uniq_frances, uniq_urug, uniq_nessos
D:13:     layout_loops_ring, david_vaults_4, serial_shops, nicolae_diamond_shop,
          bh_circular_ruins
D:14:     layout_loops_corners, fedhas_altar_3, kennysheep_nub,
          hangedman_glass_teeth, nicolae_dithmenos_through_a_glass_darkly,
          uniq_agnes
Temple:   nicolae_temple_god_jail
Lair:1:   layout_cave_pods, basic_altar, disabler_island, grunt_megastairs_1,
          serial_bayou_shore_b, uniq_fannar
Lair:2:   layout_loops_ring, minmay_swamp_entry_worms,
          chequers_serial_rivers_room_b, minmay_lair_oklob_chamber
Lair:3:   layout_roguey, minivault_26, beast_lair_carwin_8, grunt_megastairs_4
Lair:4:   layout_cave_pods, dummy_spider_entry, grunt_megastairs_3, uniq_kirke,
          uniq_nergalle
Lair:5:   layout_small_grid, slime_altar_1, serial_bayou_shore_a
Lair:6:   evil_forest, layout_cave_pods, chequers_serial_rivers_large_a,
          minmay_lair_oklob_items
Spider:1: layout_spider_delve, gammafunk_ghost_arena, nicolae_spider_nook
Spider:2: layout_chambers, gammafunk_ghost_arena, guppyfry_spider_mini_1,
          uniq_nikola
Orc:1:    layout_diamond_mine, nicolae_orc_lava_room
Orc:2:    st_orc_mages, layout_caves, basic_altar

Skill      XL: |  1  2  3  4  5  6  7  8  9 10 11 12 13 14 15 16 |
---------------+-------------------------------------------------+-----
Fighting       | 4 5 6 7 8 9 10 11 12 14 | 14.3
Long Blades    | 3 5 7 8 9 10 12 13 14 16 | 16.7
Shields        | 4 5 6 7 9 10 11 12 13 14 15 | 15.0
Armour         | 4 5 6 8 9 11 12 13 14 | 14.8
Dodging        | 1 |  1.0
Evocations     | 1 2 3 5 6 7 |  7.0
Slings         | 2 3 4 5 6 7 |  7.0
Invocations    | 1 4 7 8 10 | 10.4
Throwing       | |  0.1
Stealth        | |  0.2

Action                   |  1- 3 |  4- 6 |  7- 9 | 10-12 | 13-15 | 16-18 || total
-------------------------+-------+-------+-------+-------+-------+-------++-------
Melee: Long sword        |    55 |    91 |    40 |       |       |       ||   186
       Headbutt          |     6 |    18 |    47 |   178 |   343 |    21 ||   613
       Double sword      |       |       |    67 |    75 |  1386 |   107 ||  1635
       Falchion          |       |       |   150 |   574 |       |       ||   724
       Demon blade       |       |       |       |    41 |       |       ||    41
       Scimitar          |       |       |       |     6 |    47 |       ||    53
 Fire: Hunting sling     |       |       |    27 |    55 |   117 |    29 ||   228
Throw: Throwing net      |       |       |     1 |     3 |     3 |       ||     7
Invok: Heroism           |       |       |       |     1 |       |       ||     1
       Finesse           |       |       |       |       |     3 |       ||     3
 Abil: Evoke Berserk Rag |       |       |       |     2 |       |       ||     2
Evoke: Wand              |       |       |       |       |    13 |     1 ||    14
       Box of beasts     |       |       |       |       |     1 |       ||     1
  Use: Scroll            |     2 |     4 |     3 |    11 |    12 |     1 ||    33
       Potion            |     1 |     2 |     1 |     2 |     2 |     1 ||     9
 Stab: Held in net/web   |       |       |       |     1 |       |       ||     1
Armor: Scale mail        |    35 |    38 |    40 |       |       |       ||   113
       Chain mail        |       |       |   105 |   194 |       |       ||   299
       Plate armour      |       |       |       |   135 |   704 |    55 ||   894
Dodge: Dodged            |    21 |    14 |    73 |   112 |   346 |    30 ||   596
Block: Kite shield       |    33 |    46 |   156 |   343 |   980 |    94 ||  1652
       Rpst.: Long sword |     6 |     4 |     1 |       |       |       ||    11
       Double sword      |       |       |     5 |     5 |    67 |     3 ||    80
       Falchion          |       |       |    14 |    17 |       |       ||    31
       Scimitar          |       |       |       |     1 |     3 |       ||     4
       Demon blade       |       |       |       |     1 |       |       ||     1
